cohdb
Replays
Latest Replays
All Replays
Popular Replays
Top Player Replays
Match Explorer
How It Works
Community
CoH3 Stats
Reddit
Sign in to upload your games and track your stats! →
Sign in with Steam
Match 47134187
Unlisted
Match 47134187
Overview
Messages
Build Orders
End
Construct Infanterie Kompanie
Kettenkrad Recon Vehicle
Selects Terror Battlegroup
Selects Machine Gun Camouflage
MG 42 Machine Gun Team
Grenadier Squad
MG 42 Machine Gun Team
Grenadier Squad
Construct Panzergrenadier Kompanie
251 Medium Carrier
Selects Interrogate
Forward Retreat Point
Support Elements
[PD]Folscher
Apache
[PD]Bimbi
montheponies
bobidog101
GhostDePhantom
0
0
Comments
sign in to comment!
No comments posted yet!